 Dungeon Crawl Stone Soup version 0.24-a0-784-g601f8f6d22 (webtiles) character file.

Game seed: 5490547839352359542, levelgen mode: deterministic

100 Arixos the Vexing (level 4, 0/25 HPs)
             Began as a Vampire Enchanter on Oct 9, 2019.
             Killed by divine providence
             ... invoked by an orc priest
              (15 damage)
             ... on level 3 of the Dungeon.
             The game lasted 00:07:49 (2549 turns).

Arixos the Vexing (Vampire Enchanter)               Turns: 2549, Time: 00:07:50

Health: 0/25       AC:  3    Str:  9    XL:     4   Next: 47%
Magic:  1/7        EV: 12    Int: 17    God:
Gold:   74         SH:  3    Dex: 15    Spells: 5/8 levels left

rFire    . . .     SeeInvis +   a - +1 dagger
rCold    + + .     Gourm    .   o - +0 buckler
rNeg     + + +     Faith    .   b - +0 robe
rPois    ∞         Spirit   .   (no helmet)
rElec    .         Reflect  .   (no cloak)
rCorr    .         Harm     .   (no gloves)
MR       .....                  g - +0 pair of boots
Stlth    +++++.....             (no amulet)
HPRegen  0.00/turn              f - +2 ring of strength
MPRegen  0.10/turn              (no ring)

@: very slightly contaminated, bloodless, regenerating quickly
A: no food, fangs 3, see invisible, unbreathing
a: Bat Form, Revivify


You were on level 3 of the Dungeon.
You were bloodless.

You visited 1 branch of the dungeon, and saw 3 of its levels.

You collected 74 gold pieces.

Inventory:

Hand Weapons
 a - a +1 dagger (weapon)
Armour
 b - a +0 robe (worn)
 g - a +0 pair of boots (worn)
 o - a +0 buckler (worn)
Jewellery
 f - a +2 ring of strength (left hand)
 q - an uncursed ring of protection from magic {unknown}
Scrolls
 c - 2 scrolls of teleportation {unknown}
 d - a scroll of enchant weapon {unknown}
 e - a scroll of enchant armour {unknown}
 h - 6 scrolls of identify {unknown}
 k - a scroll of amnesia {unknown}
 m - a scroll of remove curse {unknown}
 s - a scroll of magic mapping {unknown}
Potions
 i - a potion of magic {unknown}
 j - a potion of lignification {unknown}
 l - a potion of ambrosia {unknown}
 n - a potion of berserk rage {unknown}
 p - a potion of might {unknown}
 r - a potion of mutation {unknown}


   Skills:
 + Level 1.0 Fighting
 + Level 2.0 Short Blades
 + Level 2.9 Dodging
 + Level 5.0 Stealth
 + Level 0.3 Shields
 + Level 2.6 Spellcasting
 + Level 5.1 Hexes
 + Level 0.4 Ice Magic


You had 5 spell levels left.
You knew the following spells:

 Your Spells              Type           Power        Failure   Level  Hunger
a - Ensorcelled Hibernat  Hex/Ice        ##....       14%         2    N/A
b - Corona                Hex            ###....      3%          1    N/A

Your spell library contained the following spells:

 Spells                   Type           Power        Failure   Level  Hunger
 Confuse                  Hex            ###.....     11%         3    N/A
 Tukima's Dance           Hex            ###.....     11%         3    N/A
 Dazzling Spray           Conj/Hex       ##....       30%         3    N/A

Dungeon Overview and Level Annotations

Branches:
Dungeon (3/15)

Altars:
Gozag
Kikubaaqudgha
Nemelex Xobeh


Innate Abilities, Weirdness & Mutations

You do not eat.
You do not regenerate when monsters are visible.
You are frail without blood (-20% HP).
You are immune to poison.
You have razor-sharp teeth.
You have supernaturally acute eyesight. (SInv)
You can survive without breathing.


Message History

Press: ? - help, Shift-Dir - straight line, f/p - orc
Aim: an orc (moderately wounded, chance to defeat MR: 60%)
You miscast Ensorcelled Hibernation.
Wisps of condensation drift from your hands.
The orc hits you but does no damage.
You hit the orc.
The orc is severely wounded.
You closely miss the orc.
The orc is severely wounded.
The orc closely misses you.
You hit the orc.
You kill the orc!
You hit the orc priest.
The orc priest is lightly wounded.
You barely miss the orc priest.
The orc priest is lightly wounded.
The orc priest invokes the aid of Beogh against you.
Beogh smites you!
Ouch! That really hurt!
You die...

### ....#######
###..†....#####
...........(.g#########.
############..oo@.......
##.########## #.######
#......# ######.# #.#
#.# #.# #.#


You could see 2 orc priests and a goblin.

Vanquished Creatures
  Jessica (D:2)
  A gnoll (D:1)
  An adder (D:2)
  An ooze (D:2)
  2 worms
  4 orcs (D:3)
  A ball python (D:2)
  2 giant cockroaches
  3 goblins (D:1)
  6 hobgoblins
  3 jackals (D:1)
  4 bats (D:1)
  3 frilled lizards
  5 kobolds
  6 rats
43 creatures vanquished.

Notes
Turn   | Place    | Note
-------+----------+-------------------------------------------
     0 | D:1      | Arixos the Vampire Enchanter began the quest for the Orb.
     0 | D:1      | Reached XP level 1. HP: 13/13 MP: 3/3
   125 | D:1      | Reached XP level 2. HP: 4/15 MP: 0/5
   331 | D:1      | Learned a level 2 spell: Ensorcelled Hibernation
   752 | D:1      | Reached XP level 3. HP: 15/20 MP: 4/6
  1401 | D:2      | Found an ancient bone altar of Kikubaaqudgha.
  1402 | D:2      | Found a sparkling altar of Nemelex Xobeh.
  1708 | D:2      | Found an opulent altar of Gozag.
  1710 | D:2      | Noticed Jessica
  1716 | D:2      | Killed Jessica
  1716 | D:2      | Reached skill level 5 in Stealth
  1716 | D:2      | Reached skill level 5 in Hexes
  1716 | D:2      | Reached XP level 4. HP: 24/24 MP: 2/7
  2246 | D:3      | Reached skill level 1 in Fighting
  2549 | D:3      | Killed from afar by an orc priest

Levels and vault maps discovered:
D:1:      eino_arrival_tree_alley, layout_basic
D:2:      layout_loops_corners, old_standard_altar,
          gammafunk_temple_overflow_statue, serial_rivers,
          chequers_serial_rivers_micro_a, chequers_serial_rivers_room_a,
          chequers_serial_rivers_micro_c, chequers_serial_rivers_room_a,
          chequers_serial_rivers_large_a, uniq_jessica
D:3:      layout_loops_ring

Skill      XL: |  1  2  3  4 |
---------------+-------------+-----
Stealth        | 5 |  5.0
Hexes          | 5 |  5.1
Fighting       | 1 |  1.0
Short Blades   | 2 |  2.0
Dodging        | |  2.9
Shields        | |  0.3
Spellcasting   | |  2.6
Ice Magic      | |  0.4

Action                   |  1- 3 |  4- 6 || total
-------------------------+-------+-------++-------
Melee: Dagger            |    47 |    20 ||    67
       Bite              |     2 |     2 ||     4
 Cast: Corona            |     5 |       ||     5
       Ensorcelled Hiber |    16 |    12 ||    28
 Abil: Exsanguinate      |     1 |       ||     1
 Stab: Sleeping          |    23 |    10 ||    33
Armor: Robe              |     5 |     3 ||     8
Dodge: Dodged            |    35 |     9 ||    44
Block: Buckler           |       |     1 ||     1

Table legend:
 A = Non-vault XP
 B = Vault XP
 C = Vault XP percentage of total XP
 D = Non-vault monster count
 E = Vault monster count
 F = Vault count percentage of total count
                 A         B        C        D         E       F
            +---------+---------+-------+---------+---------+-------
      Total |     107 |      37 |  25.7 |      42 |       1 |   2.3
            +---------+---------+-------+---------+---------+-------
        D:1 |      51 |       0 |   0.0 |      26 |       0 |   0.0
        D:2 |      30 |      37 |  55.2 |       6 |       1 |  14.3
        D:3 |      26 |       0 |   0.0 |      10 |       0 |   0.0
            +---------+---------+-------+---------+---------+-------
